 Dungeon Sprint DCSS version 0.17-a0-1554-g3b847ca (webtiles) character file.

3 nuthulu the Insei (level 1, 0/15 HPs)
             Began as a Demonspawn Transmuter on July 19, 2015.
             Was a Follower of Makhleb.
             Slain by a jackal (3 damage)
             ... in the Dungeon (Sprint VII: "The Pits").
             The game lasted 00:00:37 (228 turns).

nuthulu the Insei (Demonspawn Transmuter)            Turns: 228, Time: 00:00:37

Health: 0/15       AC:  2    Str: 10    XL:     1   Next: 41%
Magic:  3/4        EV: 12    Int: 14    God:    Makhleb [*.....]
Gold:   0          SH:  0    Dex: 13    Spells: 1 memorised, 4 levels left

rFire  . . .     SeeInvis .       - Unarmed
rCold  . . .     Clarity  .     b - +0 robe
rNeg   . . .     SustAt   .     (no shield)
rPois  .         Gourm    .     (no helmet)
rElec  .         Spirit   .     (no cloak)
rCorr  .         Warding  .     (no gloves)
rMut   .         NoTele   +     (boots currently unavailable)
MR     .....                    (no amulet)
Stlth  +.........               (no ring)
                                (no ring)

@: appendage (expiring), not resistant to hostile enchantments, very unstealthy
A: talons 3
a: End Transformation, Renounce Religion


You were in the Dungeon.
You worshipped Makhleb.
Makhleb was aware of your devotion.
You were not hungry.
You had grown temporary talons.
You visited 1 branch

Inventory:

Missiles
 a - 12 arrows
Armour
 b - a +0 robe (worn)
Scrolls
 j - a scroll of blinking
 n - 3 scrolls of remove curse
 o - 5 scrolls of amnesia
 p - a scroll of summoning
Potions
 e - a potion of curing
 f - a potion of heal wounds
 g - a potion of haste
 h - 4 potions of magic
 i - 3 potions of berserk rage
 m - 2 potions of invisibility
Books
 c - a book of Changes

   Spells                             Type                      Level
   a - Beastly Appendage              Transmutation                1
   b - Sticks to Snakes               Transmutation                2
   c - Spider Form                    Transmutation/Poison         3
   d - Ice Form                       Ice/Transmutation            4
   e - Blade Hands                    Transmutation                5
Comestibles
 d - 8 bread rations
 k - 40 fruits
 l - 7 meat rations


   Skills:
 - Level 1.0 Fighting
 - Level 1.7 Dodging
 - Level 2.6 Unarmed Combat
 + Level 2.6 Spellcasting
 + Level 2.6 Transmutations


You had 4 spell levels left.
You knew the following spells:

 Your Spells              Type           Power        Failure   Level  Hunger
a - Beastly Appendage     Trmt           #.....       10%         1    #......


Dungeon Overview and Level Annotations

Branches:
Dungeon (1/1)

Altars:
Ashenzari
Cheibriados
Dithmenos
Elyvilon
Fedhas
Kikubaaqudgha
Makhleb
Nemelex Xobeh
Okawaru
Ru
Sif Muna
Trog
Vehumet
Xom
Yredelemnul
Zin
The Shining One
Beogh
Jiyva
Lugonu


Innate Abilities, Weirdness & Mutations

You have claws for feet.


Message History

The jackal misses you. The jackal barely misses you.
You barely miss the jackal. Your kick misses the jackal.
The jackal is lightly wounded.
The jackal closely misses you. The jackal bites you.
The jackal bites you but does no damage.
The jackal bites you.
You barely miss the jackal.
The jackal is lightly wounded.
The jackal bites you. x2
You barely miss the jackal. Your kick misses the jackal.
The jackal is lightly wounded.
The jackal bites you.
* * * LOW HITPOINT WARNING * * *
The jackal bites you.
* * * LOW HITPOINT WARNING * * *
You barely miss the jackal.
The jackal is lightly wounded.
The jackal bites you but does no damage.
The jackal bites you.
You die...

#__________#
#__________#
#.#####'##############+
#)))'.'..##..........
#)))#.#?(##......#..#
#######'#####..........
#...........'..........
#+#####†#####......#..#
#@.# #..........
#.rhh.# ####'#####+
#.h#### #.......# #..
#.......# #. #.......#
## #...<...# #.......#
#.......# #.......#


You could see 3 jackals and a rat.

Vanquished Creatures
  A ball python (D)
  A bat zombie (D)
  A kobold (D)
3 creatures vanquished.

Notes
Turn   | Place    | Note
--------------------------------------------------------------
     0 | D        | nuthulu the Demonspawn Transmuter began the quest for the Orb.
     0 | D        | Reached XP level 1. HP: 15/15 MP: 3/3
    37 | D        | Found a sacrificial altar of Ru.
    37 | D        | Found a basalt altar of Yredelemnul.
    37 | D        | Found a glowing golden altar of the Shining One.
    37 | D        | Found a deep blue altar of Sif Muna.
    37 | D        | Found a burning altar of Makhleb.
    37 | D        | Found an ancient bone altar of Kikubaaqudgha.
    37 | D        | Found a glowing silver altar of Zin.
    38 | D        | Found a shadowy altar of Dithmenos.
    38 | D        | Found a bloodstained altar of Trog.
    38 | D        | Found a shattered altar of Ashenzari.
    38 | D        | Found a white marble altar of Elyvilon.
    38 | D        | Found a snail-covered altar of Cheibriados.
    38 | D        | Found a blossoming altar of Fedhas.
    38 | D        | Found a radiant altar of Vehumet.
    38 | D        | Found a shimmering altar of Xom.
    38 | D        | Found a sparkling altar of Nemelex Xobeh.
    38 | D        | Found a corrupted altar of Lugonu.
    38 | D        | Found a viscous altar of Jiyva.
    38 | D        | Found a roughly hewn altar of Beogh.
    38 | D        | Found an iron altar of Okawaru.
    44 | D        | Became a worshipper of Makhleb the Destroyer
    68 | D        | Acquired Makhleb's first power
   228 | D        | Slain by a jackal

Vault maps used:
D:        pitsprint

Action                   || total
-------------------------++-------
Melee: Unarmed           ||    19
 Cast: Beastly Appendage ||     3
